Map: Thunderbird LE

Players

TLO

  • Race: Zerg Zerg
  • Spawn Location: 11:00

Has - Winner!

  • Race: Protoss Protoss
  • Spawn Location: 5:00

VOD

Have the link to the VOD?

Description

Time

  • Played on: Sept. 6, 2019, 8:23 p.m.
  • Length: 11:27
Show
View Real Time Build Order
Export as new Build Order

TLO Zerg 

Build Orders: 3 Hatch before Pool 

Get SALT Encoding   

  12  0:00  Drone  
  13  0:12  Overlord  
  13  0:17  Drone  
  14  0:34  Drone x2  
  16  0:42  Drone  
  17  0:55  Hatchery  
  17  0:57  Drone  
  17  1:00  Drone  
  18  1:22  Hatchery  
  17  1:25  Drone  
  17  1:29  Extractor  
  17  1:30  Drone  
  18  1:42  Spawning Pool  
  18  1:45  Drone  
  18  1:49  Drone  
  19  1:59  Drone  
  20  2:05  Evolution Chamber  
  20  2:08  Overlord  
  22  2:22  Drone  
  22  2:29  Hatchery  
  21  2:31  Queen  
  21  2:32  Zergling x2  
  21  2:34  Queen  
  26  2:39  Metabolic Boost  
  26  2:42  Drone  
  27  2:47  Drone  
  27  2:50  Drone  
  29  2:51  Drone  
  29  2:54  Drone  
  31  2:59  Drone  
  31  3:03  Hatchery  
  31  3:09  Queen  
  33  3:14  Pneumatized Carapace  
  33  3:16  Zergling x2  
  33  3:18  Zergling x2  
  34  3:21  Zergling x2  
  35  3:27  Overlord  
  32  3:35  Drone  
  32  3:40  Drone x2  
  29  3:42  Drone  
  26  3:50  Drone  
  26  3:55  Drone  
  28  4:00  Drone  
  28  4:02  Drone  
  30  4:07  Spore Crawler  
  29  4:10  Drone  
  29  4:14  Drone  
  31  4:19  Drone  
  33  4:24  Drone  
  33  4:28  Drone  
  33  4:31  Drone, Extractor  
  33  4:32  Extractor  
  33  4:34  Drone  
  33  4:41  Drone x2  
  33  4:43  Drone  
  38  4:46  Drone  
  38  4:50  Spore Crawler  
  38  4:53  Drone  
  38  4:56  Spore Crawler  
  38  4:59  Drone  
  38  5:00  Drone  
  38  5:03  Drone  
  38  5:04  Drone  
  38  5:06  Spore Crawler  
  41  5:07  Drone  
  41  5:10  Drone  
  41  5:12  Drone  
  44  5:20  Roach Warren  
  43  5:22  Drone x2  
  43  5:24  Drone  
  43  5:27  Drone  
  47  5:29  Drone  
  47  5:31  Drone  
  47  5:34  Drone x2  
  49  5:38  Drone  
  49  5:40  Overlord  
  50  5:44  Overlord, Extractor  
  50  5:48  Overlord  
  50  5:49  Drone  
  50  5:52  Overlord  
  50  5:54  Overlord  
  50  5:59  Drone x2  
  50  6:00  Overlord  
  50  6:03  Roach  
  54  6:05  Roach  
  54  6:09  Roach  
  54  6:10  Roach  
  54  6:11  Extractor  
  59  6:12  Roach  
  59  6:15  Roach  
  59  6:17  Roach  
  65  6:20  Roach  
  65  6:23  Lair  
  67  6:27  Roach  
  67  6:28  Roach  
  67  6:29  Zergling x2  
  67  6:31  Roach  
  74  6:34  Roach  
  74  6:37  Roach  
  74  6:38  Roach  
  77  6:41  Drone  
  77  6:42  Drone x2  
  77  6:45  Roach  
  82  6:48  Roach  
  82  6:49  Zergling x2  
  82  6:51  Roach  
  82  6:53  Roach  
  89  6:56  Roach  
  89  6:58  Zergling x2  
  89  6:59  Zergling x2  
  89  7:01  Zergling x2  
  94  7:02  Extractor  
  94  7:03  Roach  
  94  7:08  Overlord x2  
  95  7:13  Ravager  
  95  7:14  Roach  
  95  7:15  Overlord  
  98  7:23  Overlord  
  98  7:25  Overlord  
  98  7:27  Overlord  
  98  7:29  Drone x3  
  102  7:30  Drone  
  102  7:31  Drone  
  102  7:36  Roach  
  105  7:37  Roach  
  105  7:40  Roach  
  105  7:42  Drone  
  105  7:43  Glial Reconstitution  
  110  7:47  Roach  
  110  7:48  Roach  
  110  7:49  Overseer  
  114  7:54  Roach  
  114  7:57  Overlord  
  114  7:58  Evolution Chamber  
  115  7:59  Drone  
  115  8:02  Drone  
  115  8:03  Drone  
  115  8:04  Drone  
  116  8:07  Drone  
  116  8:09  Drone x2  
  116  8:11  Drone  
  117  8:16  Drone x2  
  117  8:19  Drone  
  118  8:21  Drone  
  118  8:24  Zerg Missile Weapons Level 1  
  119  8:27  Drone  
  119  8:29  Drone x2  
  123  8:34  Ravager x3  
  123  8:37  Overlord, Extractor  
  123  8:39  Drone, Extractor  
  123  8:40  Drone  
  123  8:41  Drone  
  126  8:45  Drone  
  126  8:47  Infestation Pit  
  126  8:48  Overlord  
  126  8:55  Roach  
  128  9:00  Overlord  
  128  9:04  Roach x2  
  128  9:06  Drone  
  128  9:07  Drone  
  134  9:10  Roach  
  134  9:13  Roach  
  134  9:14  Roach  
  140  9:17  Overlord  
  140  9:19  Hatchery  
  140  9:23  Roach x3  
  145  9:27  Ravager x2  
  145  9:28  Overlord  
  147  9:32  Overlord  
  147  9:34  Overlord  
  147  9:36  Overlord  
  147  9:42  Pathogen Glands  
  147  9:43  Roach  
  147  9:45  Roach  
  151  9:47  Roach  
  151  9:48  Roach  
  151  9:50  Ravager x2  
  151  9:51  Ravager, Roach  
  160  9:55  Roach x2  
  160  9:56  Drone  
  160  9:59  Drone  
  166  10:01  Roach  
  166  10:03  Roach  
  166  10:04  Overlord  
  170  10:08  Overlord  
  170  10:10  Overlord  
  170  10:14  Infestor x2  
  170  10:18  Roach x2  
  170  10:19  Roach  
  170  10:21  Roach x2  
  182  10:24  Roach  
  182  10:25  Roach  
  182  10:27  Roach  
  181  10:29  Roach  
  181  10:31  Roach  
  181  10:33  Roach  
  181  10:39  Roach  
  181  10:40  Roach  
  181  10:42  Roach  
  164  10:50  Roach  
  164  10:51  Roach  
  164  10:52  Roach  
  164  10:54  Roach  
  164  10:56  Roach  
  152  10:57  Roach  
Show
View Real Time Build Order
Export as new Build Order

Has Protoss - Winner!

Build Orders: Oracle Opening, Archon Immortal 

Get SALT Encoding   

  12  0:00  Probe  
  13  0:12  Probe  
  14  0:20  Pylon  
  14  0:23  Probe  
  14  0:28  Assimilator  
  15  0:34  Probe  
  15  0:42  Probe  
  16  0:43  Gateway  
  17  0:54  Probe  
  18  1:02  Assimilator  
  18  1:06  Probe  
  19  1:19  Probe  
  19  1:23  Zealot  
  20  1:32  Cybernetics Core  
  22  1:36  Pylon  
  22  1:41  Probe  
  23  1:54  Probe  
  23  1:59  Adept  
  24  2:08  Stargate  
  26  2:16  Warp Gate  
  26  2:31  Adept  
  28  2:37  Pylon  
  28  2:46  Oracle  
  31  3:14  Nexus  
  31  3:20  Oracle  
  34  3:28  Probe  
  35  3:40  Probe  
  34  3:52  Probe  
  34  3:54  Pylon  
  36  4:04  Probe  
  34  4:12  Probe  
  35  4:18  Gateway  
  35  4:20  Probe, Stalker  
  35  4:21  Robotics Facility  
  37  4:26  Probe  
  37  4:31  Probe  
  40  4:38  Probe  
  40  4:43  Probe  
  42  4:46  Twilight Council  
  42  4:51  Probe  
  43  4:53  Sentry  
  43  4:55  Probe  
  46  5:00  Immortal  
  46  5:03  Probe  
  47  5:07  Probe  
  47  5:12  Charge  
  52  5:15  Pylon, Probe  
  52  5:19  Probe, Assimilator  
  54  5:21  Assimilator  
  54  5:30  Immortal  
  54  5:33  Probe x2  
  60  5:47  Gateway  
  60  5:49  Gateway  
  60  5:50  Gateway  
  60  5:55  Gateway  
  60  6:00  Templar Archives  
  60  6:08  Warp Prism  
  62  6:13  Pylon  
  62  6:17  Pylon  
  62  6:31  Probe x2  
  64  6:39  Zealot x2  
  68  6:41  Pylon  
  68  6:44  Probe  
  68  6:45  Probe  
  70  6:47  Zealot  
  70  6:48  Pylon  
  70  6:52  Pylon  
  72  7:03  High Templar x2  
  72  7:04  Zealot, High Templar x2  
  72  7:06  Zealot  
  72  7:07  Archon  
  72  7:08  Archon  
  84  7:11  Nexus  
  85  7:15  Probe x2  
  86  7:24  Observer  
  86  7:27  Forge, Probe  
  86  7:28  Probe  
  89  7:37  Immortal  
  89  7:40  Probe x2  
  91  7:46  Pylon  
  91  7:47  Pylon  
  95  7:52  Probe x2  
  95  7:53  Sentry x2  
  101  8:04  Probe  
  102  8:10  Protoss Ground Weapons Level 1  
  102  8:12  Probe  
  100  8:16  Probe  
  100  8:17  Immortal  
  100  8:19  Gateway  
  102  8:22  Gateway  
  102  8:24  Gateway, Probe  
  102  8:26  Blink, Probe  
  104  8:28  Probe, Stalker  
  104  8:29  Stalker  
  109  8:37  Probe  
  110  8:41  Probe  
  110  8:43  Probe  
  112  8:57  Probe  
  112  8:58  Probe x2  
  112  8:59  Observer, Pylon  
  118  9:07  Stalker x6  
  127  9:16  Assimilator  
  127  9:17  Pylon  
  127  9:24  Pylon  
  127  9:38  Stalker x8  
  135  9:43  Nexus  
  143  9:48  Pylon  
  143  9:54  Probe x2  
  145  10:01  Pylon  
  145  10:03  Pylon  
  145  10:15  Immortal, Probe x2  
  151  10:22  Zealot x7  
  151  10:23  Zealot  
  163  10:42  Zealot x5  
  155  10:43  Zealot x4  
  161  10:55  Probe x2  
  149  11:10  Zealot x5  
  147  11:14  Probe x2  
Tags
 
Add a new tag
Caveats
  • Supply blocks, unpowered buildings, or Contaminate may cause inaccurate times.
  • Supply counts are checked every 10 seconds.